 Dungeon Crawl Stone Soup version 0.31-a0-831-g143b1e81fc (webtiles) character file.

Game seed: 16835122646457270268

445 Dirtsage the Chopper (level 6, -1/47 HPs)
             Began as a Demonspawn Fighter on Sept 24, 2023.
             Slain by Duvessa
             ... wielding a +0 rapier
              (6 damage)
             ... on level 4 of the Dungeon.
             The game lasted 00:07:05 (3108 turns).

Dirtsage the Chopper (Demonspawn Fighter)           Turns: 3108, Time: 00:07:06

Health: -1/47      AC:  6    Str: 19    XL:     6   Next: 72%
Magic:  6/6        EV: 10    Int:  9    God:
Gold:   231        SH:  0    Dex: 12    Spells: 5/5 levels left

rFire   . . .        k - +0 broad axe
rCold   + . .        (no shield)
rNeg    . . .        b - +0 scale mail
rPois   .            (no helmet)
rElec   .            (no cloak)
rCorr   .            (no gloves)
SInv    .            (no boots)
Will    +....        (no amulet)
Stlth   +            f - ring of willpower
HPRegen 0.27/turn    I - ring of protection from cold
MPRegen 0.10/turn

%: no passive effects
@: mighty
A: sturdy frame 2, demonic touch 2
a: no special abilities


You were on level 4 of the Dungeon.
You visited 1 branch of the dungeon, and saw 4 of its levels.

You collected 231 gold pieces.

Inventory:

Hand Weapons
 a - a +0 war axe
 k - a +0 broad axe (weapon)
Armour
 b - a +0 scale mail (worn)
 c - a +0 buckler
Jewellery
 f - a ring of willpower (left hand)
 I - a ring of protection from cold (right hand)
Scrolls
 e - 2 scrolls of fear {unknown}
 i - 3 scrolls of identify
 j - a scroll of vulnerability {unknown}
 p - a scroll of amnesia {unknown}
 q - a scroll of poison {unknown}
 r - a scroll of enchant armour {unknown}
 s - a scroll of immolation
 t - 2 scrolls of teleportation
Potions
 g - 2 potions of haste {unknown}
 h - 2 potions of lignification {unknown}
 l - 2 potions of heal wounds {unknown}
 m - a potion of invisibility {unknown}
 n - 3 potions of curing {unknown}


   Skills:
 - Level 3.0 Fighting
 + Level 6.7 Axes
 - Level 2.6 Armour
 - Level 2.6 Shields


You had 5 spell levels left.
You didn't know any spells.
Your spell library contained the following spells:

 Spells                   Type           Power      Damage    Failure   Level
 Freeze                   Ice            0%         1d3       52%         1
 Frozen Ramparts          Ice            0%         1d1       87%         3
 Hailstorm                Conj/Ice       0%         3d3       87%         3
 Mephitic Cloud           Conj/Pois/Air  0%         N/A       87%         3
 Airstrike                Air            0%         2d(0-16)  99%         4
 Shatter                  Erth           0%         3d5*      100%        9


Dungeon Overview and Level Annotations

Branches:
Dungeon (4/15)
 Temple: D:4-7

Altars:

Shops:
D:1 [   D:2 :

Annotations:
D:3 3 runed translucent doors, noobster's ghost, amateur HOFi
D:4 3 runed translucent doors, Dowan; Duvessa; Leeroy's ghost, novice MfSh


Innate Abilities, Weirdness & Mutations

Your movements are less encumbered by armour. (ER -4)
Your touch may inflict irresistible damage on your foes.


Message History

It was the Grimoire of Mud and Turbulence.
You add the spells Mephitic Cloud, Airstrike and Shatter to your library.
There is a stone staircase leading down here.
There is a stone staircase leading down here.
You see here a +0 short sword.
Duvessa and Dowan come into view.
Duvessa is wielding a +0 rapier and wearing a +2 leather armour of fire resistance.
Duvessa shouts!
You hear an angry hiss.
Dowan casts a spell at Duvessa.
Duvessa seems to speed up.
An iguana comes into view.
Dowan gestures at you while chanting. You resist with almost no effort.
You slash Dowan!
Dowan is heavily wounded.
You hit Duvessa but do no damage. Your touch misses Duvessa.
Duvessa hits you with a +0 rapier. Duvessa hits you with a +0 rapier!
You take 11 damage, and have 36/47 hp.
MASSIVE DAMAGE!!
You closely miss Duvessa. Duvessa hits you with a +0 rapier.
Dowan says, "My weaknesses are her strengths!"
Duvessa hits you with a +0 rapier!
You take 9 damage, and have 27/47 hp.
You barely miss Duvessa. Duvessa closely misses you.
Dowan mumbles some strange words.
Dowan blinks!
Duvessa closely misses you.
Okay, then.
You feel very mighty all of a sudden. Duvessa hits you with a +0 rapier!
Duvessa hits you with a +0 rapier.
* * * LOW HITPOINT WARNING * * *
You take 17 damage, and have 10/47 hp.
MASSIVE DAMAGE!!
You closely miss Duvessa. Duvessa closely misses you.
You barely miss Duvessa.
You touch Duvessa!
Duvessa is moderately wounded.
Duvessa hits you but does no damage. Duvessa hits you with a +0 rapier.
* * * LOW HITPOINT WARNING * * *
You take 6 damage, and have 4/47 hp.
You barely miss Duvessa. Your touch misses Duvessa.
Duvessa is moderately wounded.
Duvessa hits you with a +0 rapier.
You die...

..#.#.# #####.#
######..# ......# #.#
#..# ......# #.# #..#
+###..#########.#
#..#
...#............#####
#..#
...#..>....)........#
#..#
..W#...########.###.#
..# ..w#...#
#.###.#### ...#...#
#.@el.e... (..#...#
#####.###. ...#..##
####..# ......#
......# ####### #....
...##


You could see Duvessa (fast), Dowan and an iguana.

Vanquished Creatures
  Eustachio (D:4)
  A black bear (D:4)
  Natasha (thrice) (D:2)
  4 adders
  2 worms
  2 dart slugs (D:2)
  3 orcs
  8 ball pythons
  8 endoplasms
  4 giant cockroaches
  14 goblins
  5 hobgoblins
  7 jackals
  4 quokkas
  12 bats
  8 frilled lizards
  5 kobolds
  5 rats
96 creatures vanquished.

Notes
Turn   | Place    | Note
-------+----------+-------------------------------------------
     0 | D:1      | Dirtsage the Demonspawn Fighter began the quest for the
                  | Orb.
     0 | D:1      | Reached XP level 1. HP: 18/18 MP: 1/1
    53 | D:1      | Reached skill level 2 in Axes
    87 | D:1      | Gained mutation: Your touch may inflict minor irresistible
                  | damage on your foes. [demonic ancestry]
    87 | D:1      | Reached XP level 2. HP: 16/24 MP: 2/2
   321 | D:1      | Reached skill level 3 in Axes
   413 | D:1      | Gained mutation: Your touch may inflict irresistible damage
                  | on your foes. [demonic ancestry]
   413 | D:1      | Reached XP level 3. HP: 16/29 MP: 3/3
   530 | D:1      | Found Huastron's Armour Boutique.
   782 | D:2      | Noticed Natasha
   787 | D:2      | Killed Natasha
   788 | D:2      | Reached skill level 4 in Axes
   788 | D:2      | Gained mutation: Your movements are slightly less
                  | encumbered by armour. (ER -2) [demonic ancestry]
   788 | D:2      | Reached XP level 4. HP: 23/35 MP: 4/4
   982 | D:2      | Found Ekhlall's Book Emporium.
  1265 | D:2      | Noticed Natasha
  1271 | D:2      | Killed Natasha
  1272 | D:2      | Reached XP level 5. HP: 30/41 MP: 5/5
  1281 | D:2      | Noticed Natasha
  1286 | D:2      | Killed Natasha
  1287 | D:2      | Reached skill level 5 in Axes
  2026 | D:3      | Found a runed translucent gate.
  2026 | D:3      | Noticed noobster's ghost (amateur HOFi)
  2027 | D:3      | Found a runed translucent gate.
  2030 | D:3      | Identified the +1 dagger "Deugamugg" {freeze, Drain +Blink
                  | rCorr Stlth-}
  2036 | D:3      | Found a runed translucent gate.
  2136 | D:3      | Found a faded altar of an unknown god.
  2593 | D:4      | Found a runed translucent gate.
  2593 | D:4      | Found a runed translucent gate.
  2594 | D:4      | Found a runed translucent gate.
  2598 | D:4      | Noticed Leeroy's ghost (novice MfSh)
  2599 | D:4      | Noticed a phantom
  2689 | D:4      | Noticed Eustachio
  2729 | D:4      | Killed Eustachio
  2730 | D:4      | Reached skill level 6 in Axes
  2730 | D:4      | Gained mutation: Your movements are less encumbered by
                  | armour. (ER -4) [demonic ancestry]
  2730 | D:4      | Reached XP level 6. HP: 4/47 MP: 6/6
  3082 | D:4      | Got a well-preserved book
  3098 | D:4      | Noticed Duvessa
  3098 | D:4      | Noticed Dowan
  3108 | D:4      | Slain by Duvessa

Illustrated notes

Levels and vault maps discovered:
D:1:      minmay_arrival_cross, layout_basic, serial_shops,
          nicolae_shop_hallway_stairs
D:2:      layout_loops_corners, serial_shops, nicolae_lakefront_shop,
          minmay_joined_circles, uniq_natasha
D:3:      layout_basic, tso_metal_star, biasface_ghost_orc_armoury,
          hellmonk_ecumenical_altar_blasted
D:4:      layout_loops_ring, gammafunk_temple_overflow_elements, serial_forest,
          infiniplex_forest_fountain, infiniplex_forest_clump_tiny,
          infiniplex_forest_pool, infiniplex_forest_zigzag_1,
          infiniplex_forest_pool, infiniplex_forest_clump_small,
          infiniplex_forest_end_double, infiniplex_forest_straight_2,
          gammafunk_ghost_split, minmay_a_box_with_orc_wizards_in_it,
          uniq_duvessa, uniq_eustachio

Skill      XL: |  1  2  3  4  5 |
---------------+----------------+-----
Axes           | 2 3 4 6 |  6.7
Fighting       | |  3.0
Armour         | |  2.6
Shields        | |  2.6

Action                     |  1- 3 |  4- 6 || total
---------------------------+-------+-------++-------
  Melee: War axe           |    78 |    99 ||   177
         Touch             |     4 |    22 ||    26
         Broad axe         |       |    54 ||    54
    Use: Scroll            |       |     2 ||     2
         Potion            |       |     2 ||     2
 Armour: Scale mail        |    69 |   144 ||   213
  Dodge: Dodged            |    46 |   108 ||   154
  Block: Buckler           |    11 |       ||    11

Table legend: (Time is in decaauts)
 A = Elapsed time spent in this place.
 B = Non-inter-level travel time spent in this place.
 C = Inter-level travel time spent in this place.
 D = Time resting spent in this place.
 E = Time spent auto-exploring this place.
 F = Levels seen in this place.
 G = Mean time per level.
                   A        B        C        D        E       F      G
               +--------+--------+--------+--------+--------+-----+--------+
         Total |   3178 |   3048 |    130 |      0 |   2480 |   4 |  794.5 |
       Dungeon |   3178 |   3048 |    130 |      0 |   2480 |   4 |  794.5 |
               +--------+--------+--------+--------+--------+-----+--------+

Top non-repeatable levels by time:
     D:2: 1164 daAuts
     D:3: 742 daAuts
     D:1: 673 daAuts
     D:4: 598 daAuts
